 Dungeon Crawl Stone Soup version 0.27-a0-1391-g48c30b3128 (webtiles) character file.

Game seed: 4294156900120087885

7550 Nattfarinn the Basher (level 11, -1/107 HPs)
             Began as an Ogre Warper on July 1, 2021.
             Was a Follower of Nemelex Xobeh.
             Slain by a killer bee (3 damage)
             ... on level 9 of the Dungeon.
             The game lasted 00:17:33 (12196 turns).

Nattfarinn the Basher (Ogre Warper)                Turns: 12196, Time: 00:17:33

Health: -1/107     AC:  5    Str: 20    XL:     11   Next: 17%
Magic:  0/16       EV:  9    Int: 14    God:    Nemelex Xobeh [*.....]
Gold:   479        SH:  0    Dex:  8    Spells: 9/14 levels left

rFire    . . .     SeeInvis .   B - +6 giant club (spect)
rCold    + . .     Faith    .   (shield currently unavailable)
rNeg     + + .     Spirit   +   A - +2 robe {rN+}
rPois    .         Reflect  .   (helmet restricted)
rElec    .         Harm     .   (no cloak)
rCorr    .         Rampage  .   (gloves unavailable)
Will     +....                  (boots unavailable)
Stlth    +.........             l - amulet of guardian spirit
HPRegen  0.27/turn              i - ring of positive energy
MPRegen  0.15/turn              o - ring of protection from cold

@: lethally poisoned (-1 -> -10)
A: large, unfitting armour, tough skin 1
a: Renounce Religion, Draw Escape, Draw Destruction, Draw Summoning


You were on level 9 of the Dungeon.
You worshipped Nemelex Xobeh.
Nemelex Xobeh was aware of your devotion.
You visited 2 branches of the dungeon, and saw 10 of its levels.

You collected 479 gold pieces.

Inventory:

Hand Weapons
 g - a +4 short sword of protection
 B - a +6 spectral giant club (weapon)
Missiles
 d - a boomerang of dispersal (quivered)
 q - 13 boomerangs
 w - 6 curare-tipped darts
Armour
 b - a +0 robe
 A - a +2 robe of positive energy (worn)
Jewellery
 c - a ring of willpower
 i - a ring of positive energy (left hand)
 l - an amulet of guardian spirit (around neck)
 o - a ring of protection from cold (right hand)
 x - a ring of protection from cold
 H - a +6 ring of intelligence
Wands
 a - a wand of paralysis (6)
 p - a wand of charming (11)
 r - a wand of polymorph (12)
 v - a wand of iceblast (29)
 y - a wand of flame (13)
Scrolls
 e - 2 scrolls of magic mapping
 j - a scroll of identify
 m - a scroll of amnesia
 n - 2 scrolls of enchant weapon
 u - a scroll of noise {unknown}
 z - 2 scrolls of teleportation
 D - a scroll of holy word {unknown}
 E - a scroll of silence {unknown}
 J - a scroll of fear {unknown}
Potions
 f - a potion of heal wounds {unknown}
 h - a potion of brilliance {unknown}
 k - 3 potions of mutation
 s - a potion of degeneration {unknown}
 t - 3 potions of curing
 C - a potion of invisibility {unknown}
 F - a potion of ambrosia {unknown}
 G - a potion of flight {unknown}
 I - a potion of lignification {unknown}


   Skills:
 - Level 6.8 Fighting
 * Level 13.2 Maces & Flails
 - Level 1.0 Throwing
 - Level 2.1 Dodging
 - Level 2.4 Spellcasting
 - Level 2.6 Translocations
 + Level 7.2 Invocations


You had 9 spell levels left.
You knew the following spells:

 Your Spells              Type           Power      Damage    Failure   Level
a - Manifold Assault      Tloc           9%         N/A       91%         5

Your spell library contained the following spells:

 Spells                   Type           Power      Damage    Failure   Level
 Blink                    Tloc           N/A        N/A       12%         2
 Beastly Appendage        Tmut           2%         N/A       22%         1
 Corona                   Hex            1%         N/A       22%         1
 Shock                    Conj/Air       4%         1d3       22%         1
 Gell's Gravitas          Tloc           4%         N/A       22%         3
 Lesser Beckoning         Tloc           4%         N/A       22%         3
 Teleport Other           Tloc           9%         N/A       22%         3
 Ensorcelled Hibernation  Hex/Ice        2%         N/A       34%         2
 Slow                     Hex            1%         N/A       34%         2
 Static Discharge         Conj/Air       1%         N/A       34%         2
 Wereblood                Tmut           1%         N/A       34%         2
 Portal Projectile        Hex/Tloc       10%        N/A       36%         3
 Confusing Touch          Hex            1%         N/A       56%         3
 Dazzling Flash           Conj/Hex       2%         N/A       56%         3
 Inner Flame              Hex/Fire       1%         N/A       56%         3
 Spider Form              Tmut/Pois      0%         N/A       56%         3
 Swiftness                Air            1%         N/A       56%         3
 Tukima's Dance           Hex            1%         N/A       56%         3
 Airstrike                Air            0%         N/A       92%         4
 Animate Dead             Necr           0%         N/A       92%         4
 Cause Fear               Hex            0%         N/A       92%         4
 Ice Form                 Ice/Tmut       1%         N/A       92%         4
 Leda's Liquefaction      Hex/Erth       0%         N/A       92%         4
 Borgnjor's Vile Clutch   Necr/Erth      0%         N/A       99%         5
 Lightning Bolt           Conj/Air       0%         1d11      99%         5
 Death Channel            Necr           0%         N/A       100%        6
 Simulacrum               Ice/Necr       0%         N/A       100%        6


Dungeon Overview and Level Annotations

Branches:
Dungeon (9/15)             Temple (1/1) D:7
   Lair: D:8-11         Orc: D:9-12

Altars:
Ashenzari
Cheibriados
Dithmenos
Elyvilon
Fedhas
Gozag
Hepliaklqana
Kikubaaqudgha
Makhleb
Nemelex Xobeh
Okawaru
Qazlal
Ru
Sif Muna
Trog
Uskayaw
Vehumet
Wu Jian
Xom
Yredelemnul
Zin
The Shining One

Shops:
D:1 =   D:7 !

Portals:
Abyss: D:5

Annotations:
D:2 1 runed translucent door, Crazy Yiuf
D:3 1 runed translucent door, morra's ghost, amateur OpTm
D:5 2 transporters, Nattfarinn's ghost, amateur FoVM


Innate Abilities, Weirdness & Mutations

You are too large for most types of armour.
You have tough skin. (AC +1)


Message History

Unknown command.
Unknown command.
You draw a card...
You have drawn Velocity.
The killer bee seems to slow down. x3
The bullfrog seems to slow down.
* * * LOW HITPOINT WARNING * * *
You feel extremely sick.
The killer bee stings you but does no damage.
The killer bee stings you.
* * * LOW HITPOINT WARNING * * *
The killer bee closely misses you. The killer bee barely misses you.
The killer bee stings you.
* * * LOW HITPOINT WARNING * * *
The killer bee stings you.
* * * LOW HITPOINT WARNING * * *
You are more poisoned.
The killer bee poisons you! The killer bee stings you.
* * * LOW HITPOINT WARNING * * *
You are more poisoned.
The killer bee poisons you!
It was a potion of curing.
You feel better. The killer bee barely misses you.
The killer bee closely misses you. The killer bee stings you.
* * * LOW HITPOINT WARNING * * *
The killer bee stings you but does no damage.
The killer bee stings you.
* * * LOW HITPOINT WARNING * * *
The killer bee stings you.
* * * LOW HITPOINT WARNING * * *
The killer bee barely misses you. The killer bee closely misses you.
The killer bee stings you.
* * * LOW HITPOINT WARNING * * *
You draw a card...
You have drawn the Elixir.
You begin rapidly regenerating health and magic.
The killer bee barely misses you. The killer bee stings you.
* * * LOW HITPOINT WARNING * * *
The killer bee barely misses you. x2; The killer bee stings you.
* * * LOW HITPOINT WARNING * * *
You are lethally poisoned!
The killer bee poisons you! The killer bee stings you.
You die...
Your body glows slightly and disappears.

####
############....
.......$......
##......#...
#.......F†#
.......yyy#
.......y@y#####
..)...........#
.....(....###.#
..........###.###
#........##☼...°##.
#........##.....#.
..........).._....
..........#.....#.
..........#○...≈#


You could see a bullfrog (slow) and 5 killer bees.

Vanquished Creatures
  Harold (D:7)
  A centaur warrior (D:8)
  A skeletal warrior (D:8)
  6 yaks (D:8)
  3 steam dragons (D:8)
  Menkaure (D:5)
  2 water moccasins
  3 orc warriors (D:8)
  2 ice beasts (D:8)
  A hornet zombie (D:8)
  3 black bears
  2 sky beasts (D:7)
  6 ogres
  5 centaurs
  A phantom (D:5)
  5 kobold brigands
  Blork the orc (D:5)
  2 bullfrogs (D:8)
  A wyvern zombie (D:8)
  A water moccasin zombie (D:7)
  Dowan (D:5)
  A water moccasin skeleton (D:7)
  7 wights
  2 killer bees
  4 centaur zombies
  3 hounds
  2 bullfrog skeletons
  A jelly (D:8)
  An orc priest (D:9)
  A gnoll shaman (D:4)
  A centaur skeleton (D:7)
  An iguana (D:6)
  4 orc wizards
  A scorpion zombie (D:5)
  2 killer bee zombies (D:8)
  11 gnolls
  A howler monkey skeleton (D:7)
  8 adders
  A white imp (D:7)
  An adder skeleton (D:4)
  3 dart slugs
  26 orcs
  7 endoplasms
  A giant cockroach (D:4)
  4 goblins
  5 hobgoblins
  10 jackals
  17 kobolds
  2 quokkas
  7 ball pythons
  5 bats
  4 frilled lizards
  5 rats
198 creatures vanquished.

Vanquished Creatures (collateral kills)
  Sigmund (D:5)
  An orc (D:5)
2 creatures vanquished.

Vanquished Creatures (others)
  Duvessa (D:5)
  A black bear (D:5)
  An orc (D:5)
  2 plants (D:2)
  5 withered plants (D:2)
10 creatures vanquished.

Grand Total: 210 creatures vanquished

Notes
Turn   | Place    | Note
-------+----------+-------------------------------------------
     0 | D:1      | Nattfarinn the Ogre Warper began the quest for the Orb.
     0 | D:1      | Reached XP level 1. HP: 22/22 MP: 3/3
   111 | D:1      | Reached skill level 2 in Maces & Flails
   254 | D:1      | Reached XP level 2. HP: 29/31 MP: 5/5
   397 | D:1      | Found Aharead's Jewellery Emporium.
  1116 | D:1      | Reached XP level 3. HP: 36/37 MP: 6/6
  1300 | D:2      | Reached skill level 3 in Maces & Flails
  1498 | D:2      | Found a faded altar of an unknown god.
  2017 | D:2      | Found a runed translucent door.
  2018 | D:2      | Noticed Crazy Yiuf
  2305 | D:3      | Reached XP level 4. HP: 44/48 MP: 7/7
  2587 | D:3      | Found a runed translucent door.
  2592 | D:3      | Noticed morra's ghost (amateur OpTm)
  2856 | D:3      | Found a shadowy altar of Dithmenos.
  2856 | D:3      | Found a radiant altar of Vehumet.
  2856 | D:3      | Found an ancient bone altar of Kikubaaqudgha.
  3316 | D:4      | Reached XP level 5. HP: 44/55 MP: 8/8
  3320 | D:4      | Reached skill level 4 in Maces & Flails
  3328 | D:4      | HP: 2/55 [gnoll (11)]
  3861 | D:4      | Found a hazy altar of Hepliaklqana.
  3888 | D:4      | Learned a level 5 spell: Manifold Assault
  3985 | D:4      | Reached skill level 5 in Fighting
  3985 | D:4      | Reached XP level 6. HP: 65/66 MP: 9/9
  4057 | D:4      | Found a snail-covered altar of Cheibriados.
  4569 | D:5      | Entered Level 5 of the Dungeon
  4579 | D:5      | Reached skill level 5 in Maces & Flails
  4637 | D:5      | Noticed Duvessa
  4639 | D:5      | Noticed Dowan
  4640 | D:5      | Noticed Sigmund
  4663 | D:5      | Killed Sigmund
  4664 | D:5      | Reached XP level 7. HP: 74/74 MP: 10/10
  4668 | D:5      | Your ally died
  4715 | D:5      | Killed Dowan
  4716 | D:5      | Reached skill level 6 in Maces & Flails
  5055 | D:5      | Found a transporter.
  5065 | D:5      | Noticed Nattfarinn's ghost (amateur FoVM)
  5067 | D:5      | Found a one-way gate to the infinite horrors of the Abyss.
  5071 | D:5      | Found a transporter.
  5200 | D:5      | Noticed Blork the orc
  5211 | D:5      | Killed Blork the orc
  5310 | D:5      | Noticed Menkaure
  5317 | D:5      | Killed Menkaure
  5318 | D:5      | Reached skill level 7 in Maces & Flails
  5318 | D:5      | Reached XP level 8. HP: 57/84 MP: 6/11
  6173 | D:6      | Reached skill level 8 in Maces & Flails
  6700 | D:6      | Reached skill level 9 in Maces & Flails
  7023 | D:6      | Reached XP level 9. HP: 92/92 MP: 12/12
  7662 | D:6      | Identified a scroll of acquirement
  7663 | D:6      | Acquired a +6 spectral giant club
  7719 | D:7      | Reached skill level 10 in Maces & Flails
  7803 | D:7      | Found Birauttu's Distillery.
  8100 | D:7      | Found a staircase to the Ecumenical Temple.
  8130 | Temple   | Entered the Ecumenical Temple
  8138 | Temple   | Became a worshipper of Nemelex Xobeh the Trickster
  8400 | D:7      | Found a burning altar of Makhleb.
  8526 | D:7      | Reached skill level 1 in Invocations
  8690 | D:7      | Noticed Harold
  8695 | D:7      | Killed Harold
  8696 | D:7      | Reached skill level 11 in Maces & Flails
  8696 | D:7      | Reached XP level 10. HP: 77/100 MP: 9/13
  8951 | D:7      | Found a hide-covered altar of Uskayaw.
  9483 | D:8      | Noticed a skeletal warrior
  9920 | D:8      | Reached skill level 12 in Maces & Flails
  9924 | D:8      | Reached skill level 5 in Invocations
  9937 | D:8      | HP: 5/100 [centaur/arrow (10)]
 10767 | D:8      | Reached * piety under Nemelex Xobeh
 10783 | D:8      | Received a gift from Nemelex Xobeh
 11054 | D:8      | Killed a skeletal warrior
 11191 | D:8      | Reached XP level 11. HP: 101/107 MP: 15/15
 11533 | D:8      | Noticed a centaur warrior
 11538 | D:8      | Killed a centaur warrior
 11539 | D:8      | Reached skill level 13 in Maces & Flails
 12162 | D:9      | Found a stormy altar of Qazlal.
 12193 | D:9      | HP: 4/107 [killer bee (2)]
 12195 | D:9      | HP: 1/107 [killer bee (5)]
 12196 | D:9      | Slain by a killer bee

Illustrated notes

Levels and vault maps discovered:
D:1:      heliophobic_arrival_battle_scene, layout_basic, serial_shops,
          nicolae_shop_stone
D:2:      layout_basic, shapermc_ecumenical_altar_flowoftime,
          grunt_decor_arrowhead, uniq_crazy_yiuf_cottage
D:3:      layout_loops_ring, minitemple, hellmonk_ghost_happy_afterlife,
          chequers_serial_rivers_micro_e, bh_walls_and_bars
D:4:      layout_basic, lemuel_tele_altar, old_standard_altar
D:5:      layout_basic, gammafunk_ghost_abyssal_escape, uniq_menkaure,
          uniq_sigmund, uniq_blork_the_orc, uniq_duvessa
D:6:      layout_basic
D:7:      layout_basic, kennysheep_mini, bloody_makhleb,
          minmay_temple_entry_glass, serial_shops, shop, uniq_harold
D:8:      cheibrodos_ideogram_h, layout_basic, patterned_corridor
D:9:      layout_rooms, grunt_qazlal_clouds
Temple:   eino_narrow_crystal_temple

Skill      XL: |  1  2  3  4  5  6  7  8  9 10 11 |
---------------+----------------------------------+-----
Fighting       | 3 4 5 6 |  6.8
Maces & Flails | 2 3 4 5 7 9 11 12 13 | 13.2
Invocations    | 3 6 7 |  7.2
Throwing       | |  1.0
Dodging        | |  2.1
Spellcasting   | |  2.4
Translocations | |  2.6

Action                   |  1- 3 |  4- 6 |  7- 9 | 10-12 || total
-------------------------+-------+-------+-------+-------++-------
Melee: Mace              |    37 |       |       |       ||    37
       Short sword       |   107 |   159 |    42 |       ||   308
       Giant spiked club |       |       |    99 |       ||    99
       Giant club        |       |       |    66 |   114 ||   180
Throw: Boomerang         |       |       |     4 |       ||     4
Invok: Draw Escape       |       |       |       |     2 ||     2
Evoke: Wand              |       |     5 |     3 |       ||     8
  Use: Potion            |       |     2 |       |     1 ||     3
       Scroll            |       |       |     7 |     2 ||     9
Armor: Robe              |    58 |    89 |    93 |    37 ||   277
Dodge: Dodged            |    62 |   108 |   120 |    78 ||   368

Table legend: (Time is in decaauts)
 A = Elapsed time spent in this place.
 B = Non-inter-level travel time spent in this place.
 C = Inter-level travel time spent in this place.
 D = Time resting spent in this place.
 E = Time spent auto-exploring this place.
 F = Levels seen in this place.
 G = Mean time per level.
                   A        B        C        D        E       F      G
               +--------+--------+--------+--------+--------+-----+--------+
         Total |  12296 |  12014 |    282 |   4029 |   6518 |  10 | 1229.6 |
       Dungeon |  12072 |  11811 |    261 |   4029 |   6317 |   9 | 1341.3 |
        Temple |    223 |    202 |     21 |      0 |    201 |   1 |  223.0 |
               +--------+--------+--------+--------+--------+-----+--------+

Top non-repeatable levels by time:
     D:7: 2407 daAuts
     D:8: 1804 daAuts
     D:5: 1762 daAuts
     D:3: 1598 daAuts
     D:6: 1396 daAuts
     D:1: 1221 daAuts
     D:2: 945 daAuts
     D:4: 840 daAuts
  Temple: 223 daAuts
     D:9: 95 daAuts
